Map: Heavy Artillery LE

Players

Xaero

  • Race: Protoss Protoss
  • Spawn Location: 7:00

Phobos

  • Race: Terran Terran
  • League: Diamond
  • Spawn Location: 7:00

qqq - Winner!

  • Race: Zerg Zerg
  • Spawn Location: 3:00

Massa - Winner!

  • Race: Terran Terran
  • League: Platinum
  • Spawn Location: 1:00

VOD

Have the link to the VOD?

Description

Time

  • Played on: Nov. 15, 2020, 12:24 p.m.
  • Length: 25:53
Show
View Real Time Build Order
Export as new Build Order

Xaero Protoss 

Build Orders: 1 Gate Expand, Phoenix Opening, Carriers 

Get SALT Encoding   

  12  0:00  Probe  
  13  0:12  Probe  
  14  0:17  Pylon  
  14  0:24  Probe  
  15  0:37  Probe (Chrono Boost)  
  15  0:38  Gateway  
  16  0:48  Probe (Chrono Boost)  
  17  0:50  Assimilator  
  17  0:53  Probe (Chrono Boost)  
  18  1:03  Probe  
  19  1:15  Probe  
  20  1:27  Probe  
  21  1:34  Nexus  
  21  1:39  Probe  
  22  1:46  Cybernetics Core  
  22  1:54  Probe, Pylon  
  22  1:57  Assimilator  
  23  2:12  Probe  
  24  2:22  Adept (Chrono Boost)  
  23  2:25  Probe  
  26  2:31  Stargate  
  26  2:38  Forge  
  26  2:44  Probe  
  26  2:49  Probe  
  28  2:56  Probe  
  29  3:01  Probe, Stargate  
  30  3:08  Probe, Pylon  
  31  3:13  Probe  
  31  3:14  Phoenix  
  34  3:22  Photon Cannon  
  34  3:28  Probe x2  
  34  3:32  Pylon  
  36  3:35  Warp Gate (Chrono Boost)  
  36  3:40  Phoenix  
  38  3:43  Probe  
  38  3:45  Probe  
  40  4:05  Phoenix  
  40  4:06  Probe x2  
  40  4:08  Assimilator  
  44  4:18  Probe  
  44  4:22  Probe  
  46  4:26  Pylon  
  46  4:33  Nexus  
  46  4:37  Phoenix x2  
  50  4:49  Probe x2  
  50  4:50  Shield Battery  
  52  4:53  Assimilator  
  52  5:01  Probe x2  
  52  5:02  Phoenix  
  56  5:09  Assimilator  
  56  5:13  Probe  
  57  5:18  Protoss Air Weapons Level 1 (Chrono Boost)  
  57  5:19  Probe  
  58  5:25  Probe  
  59  5:31  Probe  
  59  5:34  Fleet Beacon  
  60  5:37  Probe  
  61  5:43  Probe  
  62  5:53  Void Ray (Chrono Boost)  
  62  6:03  Void Ray (Chrono Boost)  
  68  6:04  Probe x2  
  70  6:13  Stargate  
  70  6:16  Probe  
  71  6:19  Probe  
  71  6:20  Probe  
  71  6:23  Anion Pulse-Crystals (Chrono Boost)  
  73  6:28  Probe  
  73  6:30  Photon Cannon  
  73  6:31  Probe  
  73  6:32  Probe  
  76  6:40  Probe  
  76  6:44  Probe x2  
  76  6:47  Assimilator  
  79  6:53  Probe  
  80  6:56  Probe x2  
  82  7:03  Pylon  
  82  7:05  Probe  
  82  7:06  Pylon  
  82  7:08  Probe  
  84  7:15  Probe, Void Ray x2  
  85  7:19  Protoss Air Weapons Level 2 (Chrono Boost)  
  85  7:21  Stargate  
  93  7:24  Probe x2  
  93  7:27  Probe  
  96  7:38  Probe  
  96  7:43  Probe x2  
  99  7:46  Nexus  
  99  7:49  Assimilator  
  99  7:50  Probe  
  100  7:52  Assimilator  
  100  7:56  Pylon x2  
  100  7:59  Pylon, Flux Vanes  
  100  8:03  Pylon  
  100  8:06  Stargate  
  100  8:08  Photon Cannon, Void Ray (Chrono Boost)  
  100  8:10  Stargate  
  100  8:11  Pylon, Shield Battery  
  110  8:22  Carrier (Chrono Boost)  
  110  8:25  Robotics Facility  
  110  8:30  Photon Cannon  
  110  8:32  Photon Cannon  
  116  8:41  Probe x2  
  116  8:42  Probe  
  116  8:45  Carrier (Chrono Boost)  
  119  8:52  Photon Cannon  
  119  8:53  Probe, Void Ray (Chrono Boost)  
  119  8:54  Photon Cannon  
  120  8:56  Void Ray (Chrono Boost)  
  120  8:57  Photon Cannon  
  120  8:59  Shield Battery  
  127  9:02  Photon Cannon  
  127  9:05  Photon Cannon  
  127  9:11  Probe x3  
  127  9:13  Probe  
  131  9:22  Carrier (Chrono Boost)  
  131  9:23  Probe  
  144  9:30  Observer, Carrier (Chrono Boost)  
  145  9:35  Probe x4  
  149  9:42  Pylon  
  149  9:43  Pylon  
  149  9:45  Pylon  
  149  9:47  Probe, Pylon  
  149  9:49  Protoss Air Weapons Level 3 (Chrono Boost)  
  149  9:51  Probe x2  
  149  9:52  Probe  
  153  9:59  Probe  
  154  10:02  Nexus  
  154  10:05  Pylon  
  154  10:06  Protoss Shields Level 1 (Chrono Boost)  
  154  10:07  Twilight Council, Cybernetics Core  
  154  10:08  Pylon  
  154  10:10  Assimilator  
  154  10:11  Carrier (Chrono Boost)  
  160  10:15  Assimilator  
  160  10:19  Pylon  
  160  10:50  Photon Cannon  
  160  10:51  Carrier (Chrono Boost)  
  160  10:52  Carrier x2 (Chrono Boost)  
  160  10:55  Nexus  
  184  10:59  Assimilator  
  184  11:02  Carrier (Chrono Boost), Pylon  
  184  11:03  Assimilator  
  184  11:08  Pylon  
  184  11:11  Pylon  
  184  11:16  Photon Cannon  
  184  11:17  Pylon  
  184  11:19  Photon Cannon  
  184  11:20  Pylon  
  184  11:22  Photon Cannon  
  184  11:35  Photon Cannon  
  184  11:37  Photon Cannon  
  184  11:39  Probe x4  
  188  11:40  Photon Cannon, Shield Battery  
  188  11:43  Photon Cannon, Carrier  
  194  11:47  Photon Cannon  
  194  11:51  Photon Cannon  
  194  11:54  Shield Battery  
  194  11:55  Templar Archives  
  194  11:56  Shield Battery  
  194  11:59  Photon Cannon  
  194  12:05  Gateway  
  194  12:06  Pylon  
  194  12:07  Gateway  
  194  12:08  Gateway, Protoss Shields Level 2  
  194  12:20  Protoss Air Armor Level 1 (Chrono Boost)  
  194  12:26  Psionic Storm  
  194  12:31  Charge (Chrono Boost)  
  194  12:34  Gateway  
  194  12:40  Observer  
  194  12:42  Tempest  
  200  13:13  Nexus  
  197  13:29  Unknown  
  149  13:35  Carrier (Chrono Boost)  
  149  13:37  Carrier (Chrono Boost)  
  149  13:38  Carrier x2 (Chrono Boost)  
  149  13:40  Carrier (Chrono Boost)  
  135  13:50  Carrier (Chrono Boost)  
  135  14:03  High Templar x4  
  135  14:04  High Templar  
  139  14:26  Carrier (Chrono Boost), Void Ray (Chrono Boost)  
  155  14:32  Carrier (Chrono Boost), Pylon  
  155  14:33  Void Ray (Chrono Boost)  
  155  14:34  Protoss Air Armor Level 2  
  155  14:37  Pylon  
  161  14:39  Carrier (Chrono Boost)  
  161  14:41  Assimilator  
  161  14:43  Void Ray (Chrono Boost)  
  169  14:46  Assimilator  
  169  14:49  Pylon  
  169  14:50  Void Ray (Chrono Boost)  
  169  14:56  High Templar x4  
  181  15:07  Photon Cannon  
  181  15:09  Photon Cannon  
  181  15:12  Photon Cannon, Carrier (Chrono Boost)  
  187  15:15  Photon Cannon  
  187  15:18  Photon Cannon  
  187  15:19  Carrier (Chrono Boost), Shield Battery  
  187  15:22  Shield Battery  
  172  15:31  Void Ray (Chrono Boost)  
  172  15:40  Void Ray (Chrono Boost)  
  172  15:41  Void Ray (Chrono Boost)  
  153  16:15  Carrier x2 (Chrono Boost)  
  129  16:21  Void Ray (Chrono Boost)  
  98  16:27  Void Ray x2 (Chrono Boost)  
  98  16:28  Void Ray (Chrono Boost)  
  102  16:35  Zealot x3  
  102  16:36  Zealot x2  
  104  16:55  Void Ray (Chrono Boost)  
  108  17:02  Void Ray (Chrono Boost)  
  108  17:04  Probe  
  110  17:16  Probe  
  106  17:28  Probe  
  118  17:34  Carrier (Chrono Boost)  
  118  17:35  Carrier (Chrono Boost)  
  118  17:42  Probe (Chrono Boost)  
  120  17:45  Probe (Chrono Boost), Nexus  
  121  17:52  Probe (Chrono Boost), High Templar x3  
  121  17:55  Probe (Chrono Boost)  
  121  17:57  Probe (Chrono Boost)  
  128  18:05  Probe  
  130  18:08  Probe  
  130  18:11  Void Ray (Chrono Boost)  
  131  18:17  Probe  
  136  18:20  Probe  
  136  18:21  Void Ray x2 (Chrono Boost)  
  136  18:26  Probe x3  
  148  18:29  Probe  
  148  18:32  Probe, Assimilator  
  144  18:34  Assimilator  
  144  18:36  Pylon  
  144  18:38  Probe x2  
  144  18:41  Probe  
  147  18:43  Dark Shrine  
  147  18:48  Pylon  
  147  19:03  Void Ray x5  
  155  19:26  Void Ray  
  153  20:06  Protoss Air Armor Level 3  
  141  20:36  Carrier  
  147  20:50  Nexus  
  147  20:53  Pylon  
  147  20:57  Pylon  
  146  21:30  Assimilator  
  146  21:33  Assimilator  
  146  21:37  Forge  
  146  21:46  Oracle  
  149  22:07  Shield Battery  
  148  22:21  Observer  
  142  23:14  Tempest  
  122  24:16  Pylon  
  122  24:27  Dark Templar x2  
  122  24:28  Dark Templar  
  92  25:08  Shield Battery x2  
  92  25:09  Shield Battery  
  92  25:10  Shield Battery  
Show
View Real Time Build Order
Export as new Build Order

Phobos Terran 

Build Orders: Mech 

Get SALT Encoding   

  12  0:00  SCV  
  13  0:12  SCV  
  14  0:17  Supply Depot  
  14  0:24  SCV  
  15  0:39  SCV  
  16  0:43  Barracks  
  16  0:47  Refinery  
  16  0:51  SCV  
  17  1:03  SCV  
  18  1:15  SCV  
  19  1:27  SCV  
  20  1:35  Reaper  
  20  1:38  Command Center  
  21  1:42  Orbital Command  
  21  1:54  Supply Depot  
  21  2:00  Refinery  
  21  2:10  Factory  
  21  2:26  Barracks  
  21  2:28  Barracks Reactor  
  21  2:31  SCV  
  22  2:50  Orbital Command  
  22  2:52  SCV  
  23  2:59  Factory Tech Lab  
  23  3:06  SCV  
  23  3:08  Marine x2  
  26  3:18  SCV  
  26  3:19  Siege Tank  
  30  3:21  Starport  
  30  3:35  SCV x2  
  30  3:38  Marine x2  
  34  3:44  Supply Depot  
  34  3:45  Barracks Tech Lab  
  34  3:53  Siege Tank  
  37  3:56  SCV  
  37  3:57  SCV  
  39  4:05  Starport Reactor  
  39  4:08  SCV  
  39  4:09  SCV  
  41  4:10  Refinery  
  41  4:11  Marine x2  
  41  4:13  Marine  
  44  4:20  Stimpack  
  44  4:25  Barracks  
  44  4:29  Supply Depot  
  44  4:31  Supply Depot  
  44  4:44  Marine  
  44  4:45  Marine x2  
  47  4:46  Siege Tank  
  47  4:49  SCV  
  47  4:50  SCV  
  52  5:02  SCV x2  
  52  5:06  Supply Depot  
  54  5:18  Engineering Bay  
  54  5:19  Medivac  
  54  5:20  Barracks Reactor  
  54  5:21  SCV x2, Armory  
  56  5:28  Marine x3  
  58  5:33  SCV x2  
  63  5:37  Refinery  
  63  5:43  Siege Tank  
  63  5:49  Factory  
  66  6:07  Missile Turret  
  66  6:14  Missile Turret  
  66  6:16  Marine x4  
  66  6:17  Marine  
  66  6:18  Thor  
  77  6:19  Terran Vehicle Weapons Level 1  
  77  6:41  Command Center  
  77  6:46  Marine  
  78  6:48  Factory Tech Lab  
  78  6:51  Factory  
  78  6:57  Armory  
  78  7:00  Marine x4  
  78  7:01  Supply Depot  
  82  7:05  SCV x2, Supply Depot  
  82  7:07  Smart Servos  
  84  7:22  Marine x4, Thor  
  94  7:26  Marine, Medivac  
  97  7:51  Factory Tech Lab  
  97  7:52  Thor  
  97  7:56  Supply Depot  
  103  8:00  SCV  
  103  8:01  SCV  
  105  8:11  Orbital Command  
  105  8:13  Refinery, SCV x2  
  105  8:15  Armory  
  105  8:16  Terran Vehicle Weapons Level 2  
  105  8:17  Terran Vehicle And Ship Armor Level 1  
  105  8:18  Supply Depot  
  107  8:25  SCV x2  
  109  8:37  SCV  
  109  8:40  Supply Depot  
  109  8:41  Refinery, SCV x2  
  111  8:49  SCV  
  111  8:53  SCV x2  
  114  9:01  SCV  
  115  9:03  Supply Depot  
  115  9:05  SCV x2  
  117  9:13  SCV  
  118  9:17  SCV  
  118  9:23  Missile Turret  
  119  9:29  Missile Turret  
  119  9:31  Neosteel Armor  
  119  9:34  Terran Ship Weapons Level 1  
  119  9:40  Starport, Viking  
  119  9:41  Viking  
  123  9:50  Missile Turret  
  122  10:11  Thor x3  
  122  10:12  Missile Turret  
  140  10:30  Factory  
  140  10:35  Command Center  
  140  10:37  SCV x3  
  140  10:38  Command Center  
  143  10:49  SCV x3, Missile Turret  
  146  10:50  Sensor Tower  
  146  10:56  Missile Turret  
  146  10:58  Starport Tech Lab  
  146  11:01  SCV x3  
  149  11:04  Supply Depot  
  149  11:09  Supply Depot x3  
  155  11:13  SCV  
  156  11:23  Thor  
  156  11:25  Terran Vehicle And Ship Armor Level 2, Terran Vehicle Weapons Level 3, Raven, Liberator x2  
  156  11:29  Terran Ship Weapons Level 2  
  164  11:53  Command Center  
  164  12:06  Refinery  
  164  12:07  Refinery, Thor x3  
  182  12:23  Refinery  
  182  12:27  Liberator x2  
  188  12:49  Refinery  
  188  12:57  Thor x2  
  142  13:39  Marine x3  
  142  13:40  Marine x2  
  96  13:50  Thor x3  
  96  13:52  Viking  
  96  13:53  Raven, Viking  
  120  13:57  Marine  
  95  14:52  Siege Tank x3  
  104  15:11  SCV  
  105  15:16  Planetary Fortress  
  105  15:21  Missile Turret  
  105  15:23  SCV, Missile Turret  
  106  15:31  Siege Tank x3  
  115  15:36  SCV  
  116  15:43  Missile Turret x2  
  116  15:48  SCV  
  117  16:00  SCV  
  118  16:04  Missile Turret  
  67  16:48  Siege Tank  
  67  16:49  Siege Tank x2  
  67  16:50  Liberator x2  
  82  17:06  Planetary Fortress  
  82  17:13  SCV  
  83  17:25  SCV  
  84  18:09  Orbital Command  
  84  18:14  Refinery  
  84  18:21  SCV  
  84  18:23  Refinery  
  86  18:37  Siege Tank x3  
  82  18:53  Liberator x2  
  88  19:40  Thor x2  
  88  19:41  Thor  
  88  19:42  Liberator x2  
  88  19:43  Raven  
  114  20:57  Factory Tech Lab  
  114  21:26  Siege Tank x3  
  114  21:27  Raven, Liberator x2  
  125  21:52  Command Center  
  125  21:53  Command Center  
  94  23:52  Siege Tank x3  
  94  24:18  Raven, Liberator x2  
  94  24:23  Refinery  
Show
View Real Time Build Order
Export as new Build Order

qqq Zerg - Winner!

Build Orders: Hatch First 

Get SALT Encoding   

  12  0:00  Drone  
  13  0:08  Drone  
  14  0:19  Overlord  
  14  0:45  Hatchery, Drone  
  14  0:51  Drone  
  14  0:54  Drone  
  16  0:59  Drone  
  17  1:18  Spawning Pool  
  16  1:26  Drone x2  
  16  1:28  Extractor  
  17  1:36  Drone  
  18  1:42  Drone  
  19  1:51  Drone  
  20  2:00  Drone  
  21  2:02  Overlord  
  21  2:05  Queen  
  21  2:08  Queen  
  25  2:12  Drone  
  26  2:21  Zergling x2  
  27  2:27  Drone  
  28  2:31  Zergling x2  
  29  2:48  Hatchery, Lair  
  29  2:50  Drone  
  29  2:55  Zergling x2  
  29  2:56  Drone  
  31  2:58  Drone  
  32  3:06  Drone  
  32  3:10  Drone  
  32  3:11  Drone  
  35  3:14  Extractor  
  34  3:25  Drone x2  
  34  3:26  Overlord  
  36  3:33  Overlord  
  36  3:39  Overlord  
  36  3:43  Extractor  
  35  3:50  Drone x2, Spore Crawler, Spire  
  35  3:53  Drone  
  35  3:55  Drone  
  37  4:00  Drone  
  37  4:01  Drone  
  39  4:10  Drone  
  39  4:11  Drone x2  
  39  4:12  Drone  
  43  4:22  Drone  
  43  4:23  Drone  
  45  4:26  Overlord  
  45  4:27  Overlord  
  44  4:39  Drone x4  
  48  4:46  Drone, Infestation Pit  
  48  4:47  Drone x2  
  50  4:54  Extractor  
  50  4:56  Extractor  
  48  5:01  Corruptor  
  48  5:02  Mutalisk  
  48  5:03  Mutalisk  
  48  5:06  Corruptor  
  56  5:08  Drone  
  56  5:09  Drone  
  56  5:10  Drone  
  56  5:12  Drone  
  60  5:16  Corruptor  
  60  5:20  Overlord  
  62  5:29  Drone x2  
  62  5:30  Drone x3  
  67  5:35  Hive  
  67  5:38  Corruptor  
  67  5:40  Drone  
  70  5:44  Drone  
  70  5:45  Extractor  
  70  5:51  Corruptor  
  72  6:03  Corruptor  
  74  6:04  Drone x2  
  74  6:09  Drone  
  74  6:11  Overlord  
  77  6:13  Corruptor  
  77  6:16  Drone  
  80  6:18  Corruptor  
  80  6:20  Overlord  
  80  6:21  Overlord x2  
  82  6:41  Drone x2  
  82  6:43  Drone x2  
  82  6:44  Corruptor  
  82  6:45  Corruptor  
  82  6:46  Hatchery  
  89  6:51  Viper  
  89  6:53  Drone  
  93  7:01  Viper  
  93  7:04  Drone  
  93  7:05  Mutalisk  
  99  7:14  Greater Spire  
  99  7:16  Overlord x2  
  99  7:17  Drone  
  99  7:18  Drone  
  101  7:35  Corruptor x2  
  105  7:45  Drone x3, Mutalisk x3  
  105  7:50  Mutalisk  
  116  7:57  Overlord x2  
  116  7:58  Drone, Overlord  
  116  7:59  Drone  
  116  8:03  Hatchery  
  117  8:13  Ultralisk Cavern  
  117  8:17  Drone, Evolution Chamber  
  116  8:20  Evolution Chamber  
  116  8:23  Viper  
  116  8:25  Corruptor  
  120  8:27  Mutalisk  
  120  8:33  Metabolic Boost  
  122  8:34  Overlord x2  
  122  8:35  Zergling x4, Overlord x2  
  122  8:36  Zergling x6  
  122  8:37  Drone x2  
  129  8:44  Hatchery  
  129  8:45  Spore Crawler  
  127  8:49  Drone  
  127  8:50  Mutalisk  
  127  8:51  Corruptor  
  132  9:01  Zerg Flyer Armor Level 1  
  132  9:08  Zergling x16  
  132  9:09  Drone x2  
  142  9:12  Extractor  
  141  9:21  Drone x2  
  141  9:23  Corruptor  
  141  9:24  Corruptor  
  143  9:26  Mutalisk  
  143  9:31  Overseer x2  
  149  9:33  Pneumatized Carapace  
  149  9:36  Drone x3  
  152  9:52  Drone x3  
  155  9:55  Corruptor x2  
  155  9:56  Corruptor x2  
  161  10:37  Corruptor x2  
  161  10:38  Corruptor  
  161  10:41  Mutalisk x3  
  159  10:44  Drone x3  
  159  10:45  Drone x4  
  159  10:47  Zerg Melee Weapons Level 1  
  159  10:49  Zerg Ground Armor Level 1  
  166  10:53  Extractor  
  166  10:54  Extractor  
  166  10:55  Zerg Flyer Weapons Level 1  
  164  10:58  Extractor  
  163  11:07  Corruptor  
  163  11:08  Mutalisk, Corruptor  
  169  11:14  Overlord x4  
  169  11:18  Queen  
  171  11:24  Drone  
  171  11:25  Drone x6  
  178  11:31  Queen  
  180  11:33  Drone x2  
  182  11:40  Extractor x2  
  182  11:43  Corruptor  
  182  11:44  Corruptor x4  
  182  11:45  Corruptor x3  
  196  11:50  Viper  
  199  12:34  Spire  
  198  13:00  Corruptor  
  127  13:47  Ultralisk x4  
  127  13:48  Ultralisk x5, Corruptor  
  181  13:49  Corruptor x8  
  181  13:54  Zerg Flyer Weapons Level 2  
  199  14:11  Zerg Melee Weapons Level 2  
  199  14:12  Anabolic Synthesis  
  199  14:15  Zerg Ground Armor Level 2  
  197  14:25  Zergling x6  
  200  14:55  Chitinous Plating  
  194  16:04  Viper x2  
  194  16:09  Zerg Flyer Armor Level 2  
  117  16:35  Corruptor x2, Viper x2  
  117  16:36  Corruptor x5  
  137  16:48  Ultralisk x3  
  137  16:49  Ultralisk x3  
  137  16:50  Ultralisk x4  
  197  17:04  Corruptor  
  199  17:48  Zergling x2  
  198  18:18  Zerg Melee Weapons Level 3  
  198  18:19  Zerg Ground Armor Level 3  
  198  18:25  Zerg Flyer Weapons Level 3  
  198  19:01  Corruptor  
  186  19:22  Ultralisk, Corruptor  
  186  19:23  Ultralisk  
  199  20:20  Hatchery  
  192  20:23  Ultralisk  
  192  20:24  Hatchery  
  192  20:25  Hatchery  
  196  20:31  Corruptor x2  
  200  20:44  Spine Crawler  
  200  20:45  Spine Crawler  
  200  20:46  Spine Crawler, Spore Crawler  
  196  20:54  Overseer x3  
  185  21:01  Spore Crawler  
  180  21:07  Spore Crawler  
  180  21:09  Spore Crawler  
  178  21:14  Spine Crawler, Spore Crawler  
  178  21:17  Spine Crawler  
  164  21:36  Drone x5  
  169  21:40  Extractor  
  169  21:41  Extractor, Spore Crawler  
  169  21:42  Spore Crawler x2  
  169  21:43  Spore Crawler  
  169  21:45  Drone x4, Spine Crawler x3  
  164  21:47  Drone  
  164  21:48  Drone x2  
  164  21:50  Drone x2  
  169  22:00  Corruptor x5  
  179  22:02  Ultralisk x3, Corruptor  
  199  22:33  Zerg Missile Weapons Level 1  
  199  22:35  Zerg Flyer Armor Level 3  
  193  23:10  Ultralisk  
  187  24:14  Drone x7  
  187  24:15  Drone x2  
  187  24:16  Corruptor x2  
  200  24:24  Hatchery  
  200  24:25  Hatchery  
  192  24:36  Ultralisk  
  189  25:01  Viper x4  
Show
View Real Time Build Order
Export as new Build Order

Massa Terran - Winner!

Build Orders: Reaper Expand 

Get SALT Encoding   

  12  0:00  SCV  
  13  0:12  SCV  
  14  0:23  Supply Depot  
  14  0:24  SCV  
  15  0:37  Refinery  
  15  0:45  SCV, Barracks  
  17  0:57  SCV  
  17  1:09  SCV  
  18  1:21  SCV  
  19  1:32  Reaper  
  20  1:37  Orbital Command  
  20  1:47  Command Center  
  20  2:04  Marine  
  21  2:09  Supply Depot  
  21  2:12  SCV, Factory  
  22  2:25  SCV  
  22  2:29  Barracks Reactor  
  23  2:45  Supply Depot  
  23  2:50  SCV  
  24  2:57  Refinery  
  24  3:00  Orbital Command  
  24  3:02  SCV  
  25  3:06  Barracks  
  25  3:07  Marine x2  
  27  3:15  Factory Tech Lab  
  27  3:24  Marine x2  
  29  3:33  Engineering Bay  
  29  3:36  Starport  
  29  3:42  Cyclone, Marine x2  
  29  3:45  SCV x2  
  36  3:57  SCV x2  
  36  4:00  Barracks Tech Lab, Marine x2  
  40  4:05  Missile Turret  
  40  4:09  Missile Turret  
  40  4:12  SCV x2  
  43  4:24  SCV x2  
  44  4:42  Stimpack  
  44  4:45  Command Center  
  44  4:49  Refinery  
  44  4:50  Refinery, Terran Infantry Weapons Level 1  
  44  4:57  Marine x2  
  44  4:58  Marauder  
  44  4:59  Siege Tank  
  51  5:08  Barracks  
  51  5:12  SCV x2  
  53  5:15  Marine  
  54  5:24  Supply Depot  
  54  5:29  Supply Depot  
  54  5:33  Supply Depot  
  54  5:45  Marine x2  
  54  5:46  Cyclone, Marauder, SCV  
  54  5:47  SCV  
  61  5:58  SCV  
  61  5:59  SCV  
  61  6:00  Barracks Tech Lab  
  63  6:04  Orbital Command  
  63  6:10  SCV  
  63  6:11  SCV, Armory  
  65  6:12  Starport Reactor  
  65  6:18  Siege Tank  
  68  6:22  SCV  
  68  6:23  SCV  
  70  6:30  Marauder, Marine x2  
  70  6:31  Marauder  
  76  6:45  Terran Infantry Armor Level 1  
  76  6:51  Supply Depot  
  76  6:52  Medivac x2  
  76  6:53  Command Center  
  80  6:59  SCV x2  
  82  7:07  Terran Vehicle And Ship Armor Level 1  
  82  7:10  Engineering Bay  
  82  7:11  SCV  
  82  7:12  SCV  
  82  7:13  Supply Depot  
  84  7:19  Orbital Command  
  84  7:20  Thor  
  92  7:23  Marauder, Marine  
  92  7:24  SCV  
  92  7:25  Marine  
  92  7:26  Marine  
  92  7:29  SCV  
  97  7:36  SCV  
  98  7:43  Missile Turret  
  98  7:47  Missile Turret  
  98  7:53  Terran Infantry Weapons Level 2  
  98  7:54  Sensor Tower  
  98  7:55  Viking x2  
  98  7:58  Marauder  
  104  7:59  Marine  
  104  8:01  Combat Shield  
  104  8:04  Concussive Shells  
  105  8:06  SCV x2  
  105  8:10  Missile Turret  
  107  8:13  Missile Turret  
  107  8:22  Marine  
  107  8:23  Marauder x2, Marine  
  107  8:25  Medivac  
  107  8:26  Medivac  
  117  8:39  SCV  
  117  8:40  SCV x2  
  120  8:47  Supply Depot  
  120  8:49  Supply Depot  
  120  8:50  Terran Infantry Armor Level 2, Supply Depot  
  120  8:51  SCV  
  120  8:52  SCV x2  
  123  8:57  Marine  
  123  9:01  Terran Vehicle Weapons Level 1  
  124  9:09  Refinery, SCV x3, Marauder  
  129  9:16  Refinery  
  129  9:21  SCV x3  
  132  9:28  Missile Turret  
  132  9:33  SCV x2  
  132  9:36  Factory  
  134  9:49  Starport  
  134  9:50  Missile Turret  
  134  9:54  Planetary Fortress  
  134  9:57  SCV x3  
  137  10:09  SCV x3  
  137  10:10  Siege Tank  
  137  10:11  Missile Turret  
  137  10:12  Marauder x2  
  137  10:13  Marine  
  148  10:26  Barracks  
  148  10:27  Barracks  
  148  10:29  Barracks  
  148  10:30  Starport Tech Lab  
  148  10:31  Barracks  
  148  10:33  Missile Turret  
  148  10:34  Supply Depot  
  148  10:36  Supply Depot  
  148  10:37  Supply Depot  
  148  10:38  Supply Depot  
  148  10:40  Supply Depot  
  148  10:42  Terran Infantry Weapons Level 3  
  148  10:43  Supply Depot  
  148  10:55  Missile Turret  
  148  10:56  SCV x2, Marauder x2, Marine x2  
  156  10:57  Factory Reactor  
  156  10:58  Siege Tank  
  156  11:01  Supply Depot  
  156  11:02  SCV x2  
  161  11:04  Supply Depot  
  161  11:07  Supply Depot  
  161  11:08  Refinery, SCV x2  
  161  11:10  Refinery  
  163  11:14  SCV x2, Marine x2  
  163  11:17  Barracks Tech Lab  
  163  11:18  Barracks Reactor, Marauder x2  
  171  11:19  Barracks Reactor, Barracks Tech Lab  
  171  11:20  SCV x2  
  171  11:24  Raven, Supply Depot  
  175  11:28  Medivac  
  175  11:30  Siege Tank  
  175  11:31  Marine  
  181  11:39  Marauder x2  
  185  11:49  Command Center  
  185  11:57  Corvid Reactor  
  185  12:00  Marauder x2, Medivac  
  185  12:01  Medivac  
  193  12:02  Terran Vehicle And Ship Armor Level 2  
  193  12:07  Raven  
  195  12:09  Terran Infantry Armor Level 3  
  195  12:14  Widow Mine x2  
  199  12:31  Armory  
  187  13:43  Marauder x4, Marine  
  187  13:44  Marine x2  
  198  14:04  Marauder  
  196  14:19  Terran Ship Weapons Level 1  
  194  15:18  Marauder x3  
  200  15:22  Terran Vehicle Weapons Level 2  
  178  16:13  Terran Vehicle And Ship Armor Level 3  
  139  16:27  Raven  
  130  16:35  Marauder  
  130  16:36  Marauder x3, Marine x4  
  130  16:37  Marine x2  
  130  16:39  Siege Tank  
  134  16:40  Widow Mine x2  
  120  16:54  Marine x6  
  120  16:57  Marauder x4  
  120  16:59  Medivac x2  
  136  17:01  Widow Mine  
  136  17:02  Widow Mine, Planetary Fortress  
  136  17:06  SCV x4  
  144  17:10  Raven  
  144  17:11  Siege Tank  
  144  17:12  Marine x6  
  155  17:18  SCV x2, Marauder  
  155  17:19  Marauder x3  
  162  17:23  Widow Mine  
  162  17:29  Medivac x2  
  165  17:30  Marine  
  165  17:31  Marine x2  
  165  17:32  Marine x3  
  165  17:35  Widow Mine  
  173  17:39  Marauder  
  173  17:40  Marauder x3  
  173  17:43  Siege Tank  
  184  17:44  Widow Mine  
  184  17:47  Marine  
  184  17:49  Marine x2  
  184  17:50  Marine  
  190  17:53  Refinery x2, Raven  
  190  17:56  Widow Mine  
  194  18:01  Marauder  
  194  18:02  Marauder x2  
  197  18:13  Marauder  
  197  18:14  Marine  
  200  18:43  Command Center  
  200  19:19  Command Center  
  200  20:17  Orbital Command  
  186  20:49  Terran Vehicle Weapons Level 3, Terran Ship Weapons Level 2  
  186  20:52  Cloaking Field  
  176  21:25  Thor  
  176  21:29  Marauder x2, Marine x2  
  176  21:30  Marauder x2, Marine x3  
  176  21:31  Marine  
  196  21:50  Marauder x2  
  200  22:01  Sensor Tower, Missile Turret  
  200  22:02  Missile Turret x3  
  200  22:03  Missile Turret  
  200  22:04  Missile Turret x2  
  200  22:05  Missile Turret x2  
  200  22:06  Missile Turret  
  200  22:07  Missile Turret  
  200  22:08  Missile Turret  
  200  22:22  Missile Turret  
  199  22:24  Missile Turret  
  185  23:42  Thor  
  185  23:44  Raven  
  185  23:45  Medivac x2  
  179  24:08  Marauder  
  179  24:09  Marauder x3, Marine x3  
  186  24:18  Medivac x2  
  190  24:25  Thor  
  190  24:27  Raven  
  190  24:30  Marauder  
  200  24:48  Missile Turret  
  200  24:49  Missile Turret  
  200  24:50  Missile Turret  
  200  24:53  Missile Turret  
  200  24:54  Missile Turret x2  
Tags
 
Add a new tag
Caveats
  • Supply blocks, unpowered buildings, or Contaminate may cause inaccurate times.
  • Supply counts are checked every 10 seconds.